 Dungeon Crawl Stone Soup version 0.29.0-5-ge4962eb29e (webtiles) character file.

Game seed: 3800879736450384438

539 sanka the Cleaver (level 7, -1/57 HPs)
             Began as a Meteoran Delver on Aug 28, 2022.
             Was an Initiate of Okawaru.
             Slain by a gnoll bouda
             ... wielding a +0 whip
              (4 damage)
             ... on level 5 of the Dungeon.
             The game lasted 00:11:05 (2585 turns).

sanka the Cleaver (Meteoran Delver)                 Turns: 2585, Time: 00:11:05

Health: -1/57      AC:  7    Str: 16    XL:     7   Next: 81%
Magic:  8/8        EV: 10    Int: 11    God:    Okawaru [......]
Gold:   226        SH:  5    Dex: 20    Spells: 6/6 levels left

rFire   . . .      SeeInvis +   a - +0 hand axe
rCold   . . .      Faith    .   (no shield)
rNeg    . . .      Spirit   .   t - +0 scale mail
rPois   .          Reflect  +   (no helmet)
rElec   .          Harm     .   r - scarf {shadows}
rCorr   .          Rampage  .   (no gloves)
Will    .....                   q - +0 pair of boots
Stlth   +.........              o - amulet of reflection
HPRegen 0.19/turn               n - ring of see invisible
MPRegen 0.11/turn               l - +6 ring of dexterity

@: weakened, glowing
A: sense surroundings 1, otherworldly, glowing, explore regen, clumsy 1,
screaming 1
a: Renounce Religion


You were on level 5 of the Dungeon.
You worshipped Okawaru.
Okawaru was noncommittal.
You visited 2 branches of the dungeon, and saw 7 of its levels.

You collected 226 gold pieces.


Innate Abilities, Weirdness & Mutations

You passively map a small area around you.
You are easily found by Zot.
You glow in the dark.
You regain HP and MP as you explore.
You are clumsy. (Dex -2)
You occasionally shout uncontrollably at your foes.


   Skills:
 - Level 3.2 Fighting
 + Level 9.3 Axes
 - Level 2.4 Dodging
 - Level 3.7 Stealth


You had 6 spell levels left.
You didn't know any spells.
Your spell library contained the following spells:

 Spells                   Type           Power      Damage    Failure   Level
 Blink                    Tloc           0%         N/A       90%         2
 Inner Flame              Hex/Fire       0%         N/A       99%         3
 Cause Fear               Hex            0%         N/A       100%        4
 Manifold Assault         Tloc           0%         N/A       100%        5
 Storm Form               Tmut/Air       0%         N/A       100%        7
 Discord                  Hex            0%         N/A       100%        8

Inventory:

Hand Weapons
 a - a +0 hand axe (weapon)
Missiles
 m - 4 boomerangs (quivered)
 y - 6 javelins
Armour
 b - a +0 leather armour
 q - a +0 pair of boots (worn)
 r - a scarf of shadows (worn)
 t - a +0 scale mail (worn)
Jewellery
 l - a +6 ring of dexterity (right hand)
 n - a ring of see invisible (left hand)
 o - an amulet of reflection (around neck)
 p - a ring of positive energy
 s - a +6 ring of intelligence
Wands
 g - a wand of digging (11)
Scrolls
 c - a scroll of fog
 d - a scroll of magic mapping
 e - 3 scrolls of fear
 f - 2 scrolls of noise {unknown}
 h - a scroll of vulnerability {unknown}
 j - 5 scrolls of poison {unknown}
 k - 4 scrolls of identify {unknown}
 u - a scroll of silence {unknown}
 z - a scroll of teleportation {unknown}
 A - a scroll of immolation {unknown}
Potions
 i - a potion of mutation {!q}
 v - a potion of heal wounds {unknown}
 w - a potion of haste {@q3}
 x - 2 potions of might {unknown}
 B - a potion of cancellation {unknown}
 C - a potion of berserk rage {unknown}

Dungeon Overview and Level Annotations

Branches:
Dungeon (6/15) Zot: 1106   Temple (1/1) D:4 Zot: 522

Altars:
Cheibriados
Elyvilon
Kikubaaqudgha
Makhleb
Okawaru
Uskayaw
Yredelemnul

Annotations:
D:5 1 transporter, t4s4d4r's ghost, novice OpTm

░ ▒.▒▒▒ .▒ , , ▒.▒
░.▒ .▒ ▒.▒ .▒ ░,
▒.▒▒▒.▒▒▒▒.▒ ,
▒▒▒▒.....>....▒ ░ ░
,,...▒▒▒▒.▒▒▒▒.▒ ░
▒▒.▒▒ ▒.▒ .▒ ░
▒..g▒▒▒.▒▒▒▒.▒ ,
▒▒▒▒▒▒.▒.pg.......▒
▒.).....£....▒▒▒▒.▒
,▒..▒▒▒▒▒..........▒
▒............▒▒▒▒.▒
▒▒▒▒▒.▒▒.▒▒▒▒▒ ░ ░
▒....▒ ░ ▒▒▒▒▒▒ , ░
, , , ░ ,░


You could see a gnoll bouda and a gnoll.


Message History

* * * LOW HITPOINT WARNING * * *
Unknown command.
You barely miss the gnoll.
The gnoll is severely wounded.
You hit the gnoll bouda but do no damage.
You block the gnoll's attack.
The gnoll bouda hits you but does no damage.
Unknown command.
You hit the gnoll.
The gnoll is almost dead.
You hit the gnoll bouda. The gnoll closely misses you.
The gnoll bouda hits you but does no damage.
Unknown command.
You hit the gnoll.
The gnoll is almost dead.
You barely miss the gnoll bouda. You block the gnoll's attack.
The gnoll bouda hits you with a +0 whip!
* * * LOW HITPOINT WARNING * * *
It was a potion of mutation.
You feel extremely strange.
You feel the urge to shout.
You feel clumsy.
The gnoll is no longer moving quickly.
The gnoll barely misses you.
The gnoll bouda gazes fiercely through you!
You feel your attacks grow feeble.
The gnoll bouda hits you with a +0 whip.
You die...

Action                   |  1- 3 |  4- 6 |  7- 9 || total
-------------------------+-------+-------+-------++-------
Melee: Hand axe          |   118 |   142 |    87 ||   347
       Punch             |       |     1 |       ||     1
Throw: Boomerang         |       |     5 |       ||     5
  Use: Potion            |       |     2 |     1 ||     3
 Stab: Sleeping          |       |     1 |       ||     1
Armor: Leather armour    |    46 |    11 |       ||    57
       Scale mail        |       |    15 |    19 ||    34
Dodge: Dodged            |    89 |    55 |    33 ||   177
Block: Other             |       |    18 |    18 ||    36

Levels and vault maps discovered:
D:1:      mrwooster_arrival_arrow, layout_loops_ring, serial_forest,
          infiniplex_forest_fountain, infiniplex_forest_straight_4,
          infiniplex_forest_straight_1, infiniplex_forest_end_2,
          infiniplex_forest_side_room, infiniplex_forest_clump_small,
          infiniplex_forest_lined_room_2, infiniplex_forest_clump_small,
          infiniplex_forest_clump_double, minmay_misc_feat_tower
D:2:      layout_rooms, serial_undead, serial_undead_d, serial_undead_e,
          serial_undead_b, serial_undead_c, minmay_tetromino_o4
D:3:      kennysheep_six_static_rooms, layout_loops_ring,
          chequers_temple_overflow_statue_of_worship,
          shapermc_ecumenical_altar_flowoftime, small_statue_intersection,
          uniq_sigmund, uniq_terence
D:4:      layout_cave_pools, minmay_temple_entry_mini_moons, uniq_menkaure
D:5:      minmay_recursive_quarters, layout_loops_ring,
          gammafunk_ghost_stat_death
D:6:      layout_rooms, lemuel_tele_altar, fedhas_altar_4,
          lightli_sewer_entry_pipes
Temple:   grunt_temple_mini_profane

Notes
Turn   | Place    | Note
-------+----------+-------------------------------------------
     0 | D:5      | sanka the Meteoran Delver began the quest for the Orb.
     0 | D:5      | Reached XP level 1. HP: 19/19 MP: 2/2
   202 | D:2      | Reached skill level 3 in Axes
   202 | D:2      | Reached XP level 2. HP: 18/26 MP: 3/3
   251 | D:2      | Reached XP level 3. HP: 15/31 MP: 4/4
   310 | D:2      | Reached skill level 4 in Axes
   734 | D:1      | Reached XP level 4. HP: 36/38 MP: 5/5
   822 | D:2      | Reached skill level 5 in Axes
  1025 | D:3      | Reached XP level 5. HP: 38/45 MP: 6/6
  1190 | D:3      | Noticed Sigmund
  1214 | D:3      | Identified a potion of resistance
  1219 | D:3      | Killed Sigmund
  1220 | D:3      | Reached skill level 7 in Axes
  1220 | D:3      | Reached XP level 6. HP: 11/51 MP: 7/7
  1448 | D:3      | Reached XP level 7. HP: 23/57 MP: 8/8
  1507 | D:3      | Reached skill level 8 in Axes
  1670 | D:3      | Found a faded altar of an unknown god.
  1825 | D:3      | Noticed Terence
  1838 | D:3      | Killed Terence
  1886 | D:3      | Found an ancient bone altar of Kikubaaqudgha.
  1887 | D:3      | Found a basalt altar of Yredelemnul.
  1888 | D:3      | Found a snail-covered altar of Cheibriados.
  1888 | D:3      | Found a white marble altar of Elyvilon.
  2029 | D:4      | Found a staircase to the Ecumenical Temple.
  2038 | Temple   | Entered the Ecumenical Temple
  2080 | Temple   | Became a worshipper of Warmaster Okawaru
  2199 | D:4      | Noticed Menkaure
  2216 | D:4      | HP: 5/57 [Menkaure (13)]
  2217 | D:4      | Killed Menkaure
  2218 | D:4      | Reached skill level 9 in Axes
  2265 | D:5      | Found a transporter.
  2265 | D:5      | Noticed t4s4d4r's ghost (novice OpTm)
  2584 | D:5      | HP: 3/57 [gnoll bouda/+0 whip (7)]
  2585 | D:5      | Gained mutation: You occasionally shout uncontrollably at
                  | your foes. [potion of mutation]
  2585 | D:5      | Gained mutation: You are clumsy. (Dex -2) [potion of
                  | mutation]
  2585 | D:5      | Slain by a gnoll bouda

Vanquished Creatures
  Sigmund (D:3)
  Menkaure (D:4)
  A hound (D:4)
  A jelly (D:6)
  2 orc wizards (D:3)
  Terence (D:3)
  4 adders
  A gnoll (D:5)
  An adder zombie (D:2)
  2 worms
  2 dart slugs (D:4)
  7 orcs (D:3)
  4 ball pythons
  4 bats
  5 endoplasms
  3 giant cockroaches
  9 goblins
  8 hobgoblins
  3 jackals (D:1)
  A quokka (D:2)
  2 frilled lizards
  A giant cockroach zombie (D:2)
  8 kobolds
  A quokka skeleton (D:2)
  A quokka zombie (D:2)
  6 rats
80 creatures vanquished.
